Map: 16 bits EC

Players

phlegmat - Winner!

  • Race: Terran Terran
  • League: Diamond
  • Spawn Location: 7:00

HoldTheDoor

  • Race: Protoss Protoss
  • League: Diamond
  • Spawn Location: 1:00

VOD

Have the link to the VOD?

Description

Time

  • Played on: July 2, 2018, 11:04 a.m.
  • Length: 12:40
Show
View Real Time Build Order
Export as new Build Order

phlegmat Terran - Winner!

Build Orders:  

Get SALT Encoding   

  12  0:00  SCV  
  13  0:13  SCV  
  14  0:18  Supply Depot  
  14  0:25  SCV  
  15  0:39  SCV  
  15  0:41  Barracks  
  16  0:46  Refinery  
  16  0:52  SCV  
  17  1:04  SCV  
  18  1:16  SCV  
  19  1:28  Orbital Command  
  19  1:29  Marine  
  20  1:45  Command Center  
  20  1:59  SCV  
  21  2:01  Factory  
  21  2:06  Barracks Reactor  
  21  2:17  SCV  
  21  2:18  Refinery  
  21  2:19  Supply Depot  
  22  2:29  SCV  
  23  2:47  Supply Depot  
  23  2:55  SCV  
  24  3:00  Cyclone  
  24  3:01  Cyclone  
  24  3:02  Marine  
  31  3:06  Orbital Command  
  31  3:07  SCV  
  32  3:19  SCV  
  33  3:24  Supply Depot  
  32  3:42  Cyclone x2  
  38  3:48  SCV x2  
  38  3:51  Refinery  
  40  4:00  Starport, SCV x2  
  40  4:02  Supply Depot  
  42  4:12  SCV  
  42  4:13  SCV  
  44  4:19  Cyclone  
  47  4:25  SCV x2  
  47  4:29  Barracks Tech Lab  
  49  4:35  Cyclone  
  49  4:37  Supply Depot  
  49  4:38  Starport Tech Lab  
  52  4:40  SCV x2  
  54  4:52  SCV x2  
  56  4:53  Cyclone  
  56  4:58  Refinery  
  59  5:04  Supply Depot  
  59  5:11  Hellion  
  59  5:12  Raven  
  63  5:26  Hellion  
  65  5:32  Hellion  
  65  5:33  Command Center  
  67  5:38  Armory, SCV x2  
  69  5:47  Hellion  
  71  5:54  Hellion  
  71  5:55  Raven  
  75  5:59  Engineering Bay  
  75  6:08  Hellion  
  77  6:17  Cyclone  
  80  6:20  Corvid Reactor  
  80  6:22  SCV x2  
  82  6:29  Cyclone  
  85  6:34  SCV  
  85  6:35  Factory  
  85  6:36  Missile Turret  
  85  6:38  Missile Turret  
  86  6:40  Missile Turret  
  86  6:45  SCV  
  87  7:07  Cyclone x2  
  93  7:15  Starport  
  93  7:17  SCV x2  
  93  7:20  Orbital Command  
  95  7:29  SCV x2  
  97  7:40  Missile Turret x2  
  97  7:41  SCV  
  98  7:54  Factory  
  98  7:56  Starport Reactor  
  98  7:57  Raven, Factory  
  97  8:06  Rapid Fire Launchers  
  97  8:10  Terran Vehicle And Ship Armor Level 1  
  97  8:14  Armory  
  97  8:15  SCV x2  
  97  8:16  SCV  
  97  8:18  Refinery  
  97  8:19  Refinery  
  100  8:26  Supply Depot x2  
  100  8:27  SCV  
  100  8:30  Supply Depot  
  100  8:34  Supply Depot  
  101  8:35  Supply Depot  
  101  8:38  Supply Depot  
  101  8:41  Factory Reactor  
  101  8:42  Factory Tech Lab  
  101  8:48  Thor, SCV x3, Hellion x2  
  114  8:49  Viking  
  114  8:52  Viking  
  118  9:00  SCV x2  
  118  9:01  SCV  
  121  9:12  SCV, Terran Vehicle Weapons Level 1  
  121  9:15  Cyclone x2  
  128  9:18  SCV x2  
  130  9:25  Cyclone x3  
  132  9:31  Hellion  
  132  9:32  Command Center  
  110  9:47  Hellion  
  109  9:57  Cyclone x4  
  121  10:01  Hellion  
  121  10:03  Viking x3  
  129  10:09  Hellion  
  131  10:17  Infernal Pre-Igniter  
  131  10:22  Hellion  
  131  10:24  SCV x3  
  136  10:28  Supply Depot  
  136  10:29  Supply Depot x2, Hellion x2  
  140  10:36  SCV x2  
  142  10:44  Thor  
  142  10:46  Hellion x2  
  152  10:53  Sensor Tower  
  152  10:54  Planetary Fortress  
  152  10:56  SCV x3  
  155  11:10  Cyclone x2  
  155  11:11  Hellion x3  
  167  11:13  Refinery, Viking  
  169  11:18  Refinery  
  169  11:26  SCV x3  
  169  11:28  Hellion  
  174  11:43  Cyclone x2  
  174  11:44  Hellion x2  
  174  11:45  Viking, Hellion  
  188  11:54  Supply Depot  
  188  11:55  Supply Depot  
  188  11:56  Supply Depot  
  188  11:57  Supply Depot  
  188  12:06  Command Center  
Show
View Real Time Build Order
Export as new Build Order

HoldTheDoor Protoss 

Build Orders:  

Get SALT Encoding   

  12  0:01  Probe  
  13  0:13  Probe  
  14  0:18  Pylon  
  14  0:25  Probe  
  15  0:37  Probe  
  15  0:40  Gateway  
  16  0:46  Assimilator  
  16  0:49  Probe  
  17  0:57  Assimilator  
  17  1:01  Probe  
  18  1:13  Probe  
  18  1:15  Gateway  
  20  1:25  Probe  
  20  1:30  Cybernetics Core  
  20  1:37  Probe  
  21  1:40  Pylon  
  21  1:48  Warp Gate  
  21  1:49  Probe  
  22  2:02  Probe  
  22  2:07  Stalker x2  
  27  2:14  Probe  
  28  2:26  Pylon  
  28  2:36  Probe, Stalker  
  31  2:43  Stalker  
  33  2:48  Robotics Facility  
  33  2:50  Probe  
  34  3:02  Probe  
  35  3:10  Pylon  
  35  3:15  Probe  
  36  3:27  Probe  
  37  3:33  Immortal  
  35  3:48  Stargate  
  39  3:59  Pylon  
  39  4:02  Shield Battery, Stalker x2  
  43  4:06  Gateway  
  43  4:18  Immortal  
  43  4:23  Void Ray  
  47  4:27  Probe  
  52  4:42  Pylon  
  52  4:57  Observer  
  53  5:03  Nexus  
  53  5:04  Void Ray  
  53  5:18  Probe  
  58  5:30  Immortal  
  58  5:34  Probe  
  63  5:43  Pylon  
  63  5:49  Pylon  
  63  5:56  Protoss Air Armor Level 1  
  63  6:01  Probe  
  64  6:28  Stalker x3  
  70  6:37  Assimilator  
  70  6:39  Assimilator  
  70  6:41  Pylon  
  70  6:45  Forge  
  70  6:51  Probe x2  
  72  6:54  Void Ray  
  72  7:00  Protoss Shields Level 1  
  76  7:06  Probe  
  77  7:26  Zealot x3  
  83  7:32  Twilight Council  
  83  7:35  Pylon  
  83  7:38  Gateway  
  83  7:42  Gateway  
  83  8:03  Zealot  
  83  8:04  Zealot x2  
  89  8:15  Probe x2, Gateway  
  89  8:17  Pylon  
  89  8:19  Pylon  
  91  8:20  Charge  
  91  8:26  Immortal  
  95  8:37  Sentry  
  95  8:38  Sentry  
  95  8:40  Zealot  
  101  8:45  Protoss Ground Armor Level 1  
  101  8:52  Templar Archives  
  101  8:54  Pylon  
  101  9:06  Probe  
  101  9:08  Probe  
  103  9:16  Immortal  
  107  9:20  Pylon  
  87  10:07  Nexus  
  87  10:08  Pylon  
  87  10:11  Pylon  
  87  10:14  Assimilator, Void Ray  
  87  10:16  Psionic Storm, Assimilator  
  87  10:18  Probe x2  
  87  10:19  High Templar  
  87  10:20  High Templar x4  
  103  10:24  Archon  
  103  10:25  Archon  
  103  10:35  High Templar  
  105  10:38  Immortal  
  105  10:39  Archon  
  109  10:54  Probe x2  
  111  11:08  Probe  
  111  11:09  Probe  
  113  11:14  High Templar x2  
  113  11:16  Zealot x4  
  125  11:19  Archon  
  125  11:22  Probe x2  
  125  11:23  Probe  
  128  11:34  Probe  
  128  11:35  Pylon  
  129  11:46  Forge  
  129  11:52  Fleet Beacon  
  129  11:53  Pylon  
  129  11:58  High Templar  
  131  12:05  Zealot x2  
  131  12:06  Zealot x3  
  105  12:26  Zealot x3  
  105  12:27  Zealot x2  
Tags
 
Add a new tag
Caveats
  • Supply blocks, unpowered buildings, or Contaminate may cause inaccurate times.
  • Supply counts are checked every 10 seconds.